 Dungeon Crawl Stone Soup version 0.21.1-1-g345015f (webtiles) character file.

7 JeffiDaFish the Stinger (level 1, 0/9 HPs)
             Began as a Spriggan Venom Mage on Feb 6, 2018.
             Slain by a kobold (4 damage)
             ... on level 1 of the Dungeon.
             The game lasted 00:01:00 (345 turns).

JeffiDaFish the Stinger (Spriggan Venom Mage)        Turns: 345, Time: 00:01:00

Health: 0/9        AC:  2    Str:  1 (4)  XL:     1   Next: 91%
Magic:  1/5        EV: 18    Int: 15 (16) God:
Gold:   37         SH:  0    Dex: 13 (16) Spells: 4/5 levels left

rFire    . . .     SeeInvis +   (weapon restricted)
rCold    . . .     Gourm    .   (shield restricted)
rNeg     . . .     Faith    .   a - +0 robe
rPois    .         Spirit   .   (helmet restricted)
rElec    .         Reflect  .   d - scarf {cloud immunity}
rCorr    .         Harm     .   (gloves unavailable)
MR       .....                  (boots unavailable)
Stlth    ++........             (no amulet)
HPRegen  0.03/turn              (no ring)
MPRegen  0.09/turn              (no ring)

@: very slightly contaminated, very quick
A: very small, unfitting armour, see invisible, herbivore, speed 3, slow
metabolism 2
a: no special abilities


You were on level 1 of the Dungeon.
You were not hungry.

You visited 1 branch of the dungeon, and saw 1 of its levels.

You collected 37 gold pieces.

Inventory:

Armour
 a - a +0 robe (worn)
 d - a scarf of cloud immunity (worn)
Scrolls
 e - a scroll of remove curse
Books
 b - a Young Poisoner's Handbook

   Spells                             Type                      Level
   a - Sting                          Conjuration/Poison           1
   b - Poisonous Vapours              Poison/Air                   2
   c - Mephitic Cloud                 Conjuration/Poison/Air       3
   d - Olgreb's Toxic Radiance        Poison                       4
   e - Venom Bolt                     Conjuration/Poison           5
Comestibles
 c - 2 rations


   Skills:
 + Level 3.3 Dodging
 + Level 3.0 Stealth
 + Level 2.6 Spellcasting
 + Level 0.6 Conjurations
 + Level 3.4 Poison Magic


You had 4 spell levels left.
You knew the following spells:

 Your Spells              Type           Power        Failure   Level  Hunger
a - Sting                 Conj/Pois      #...         9%          1    #......


Dungeon Overview and Level Annotations

Branches:
Dungeon (1/15)

Altars:


Innate Abilities, Weirdness & Mutations

You are very small and have problems with some larger weapons.
You are too small for most types of armour.
You have supernaturally acute eyesight. (SInv)
You are a herbivore.
You cover ground extremely quickly.
You need consume almost no food.


Message History

Press: ? - help, Shift-Dir - straight line, f/p - kobold
Aim: a kobold You miscast Sting.
You are very lightly contaminated with residual magic.
Nothing appears to happen.
Casting: Sting
Confirm with . or Enter, or press ? or * to list all spells.
Aiming: Sting
Press: ? - help, Shift-Dir - straight line, f/p - kobold
Aim: a kobold The sting misses the kobold.
The kobold closely misses you.
You barely miss the kobold. The kobold misses you.
You barely miss the kobold. The kobold barely misses you.
You closely miss the kobold. The kobold misses you.
You closely miss the kobold. The kobold misses you.
You hit the kobold but do no damage. The kobold barely misses you.
You hit the kobold but do no damage. The kobold misses you.
You hit the kobold but do no damage. The kobold barely misses you.
You barely miss the kobold. The kobold hits you.
You die...

..#.#### ######.# #........#....
.......#*##......# #........##.##
..#..............# #........##.#
.#####.####......# ###......##.#*
.....#.#.........# #......##.#*
.###.#.#.#.....#.#####......##.#*
................................*
####.#.#........K##.####.#####..*
#.#.#.#......@##..# #.# *,.*
#)#.#.#.......###.###.#######*
#.#.###.#.....# #..##........,
####.#.###.#..#.## ##.##.#######*
#.......##.##.#.# #.##.#
#....#..##......# #..#.########
...###..#####.#.# ###.#.+....♣P#
.....!..# #.### #.....#≈≈≈..♣P
...####.# #.# #.....##≈8....


You could see a kobold.

Vanquished Creatures
  2 bats (D:1)
  A goblin (D:1)
  A hobgoblin (D:1)
  A kobold (D:1)
  A frilled lizard (D:1)
6 creatures vanquished.

Notes
Turn   | Place    | Note
-------+----------+-------------------------------------------
     0 | D:1      | JeffiDaFish the Spriggan Venom Mage began the quest for the Orb.
     0 | D:1      | Reached XP level 1. HP: 9/9 MP: 5/5
   345 | D:1      | Slain by a kobold

Action                   || total
-------------------------++-------
Melee: Unarmed           ||    22
 Cast: Sting             ||    11
  Use: Scroll            ||     3
       Potion            ||     1
Armor: Robe              ||     2
Dodge: Dodged            ||    24
